 Dungeon Crawl Stone Soup version 0.23.2-40-g277498a (webtiles) character file.

Game seed: 16620951300684265910

270 Aphrodieselac the Charmwright (level 6, 0/44 HPs)
             Began as a Merfolk Skald on Oct 9, 2019.
             Was an Initiate of Okawaru.
             Killed from afar by an orc wizard (9 damage)
             ... with a magic dart
             ... on level 4 of the Dungeon.
             The game lasted 00:11:23 (3518 turns).

Aphrodieselac the Charmwright (Merfolk Skald)       Turns: 3518, Time: 00:11:23

Health: 0/44       AC:  3    Str: 13    XL:     6   Next: 22%
Magic:  4/9        EV: 12    Int: 13    God:    Okawaru [......]
Gold:   121        SH:  0    Dex: 13    Spells: 1/9 levels left

rFire    + . .     SeeInvis .   y - +0 trident
rCold    . . .     Gourm    .   (no shield)
rNeg     . . .     Faith    .   b - +0 leather armour
rPois    .         Spirit   .   (no helmet)
rElec    .         Reflect  .   (no cloak)
rCorr    +         Harm     .   (no gloves)
MR       .....                  (no boots)
Stlth    +.........             (no amulet)
HPRegen  0.14/turn              u - ring of resist corrosion
MPRegen  0.11/turn              q - ring of protection from fire

@: lethally poisoned (0 -> -7)
A: change form in water, swift swim, stealthy swim
a: Renounce Religion


You were on level 4 of the Dungeon.
You worshipped Okawaru.
Okawaru was noncommittal.
You were not hungry.

You visited 1 branch of the dungeon, and saw 5 of its levels.

You collected 157 gold pieces.
You spent 36 gold pieces at shops.

Inventory:

Hand Weapons
 y - a +0 trident (weapon)
Missiles
 i - 20 poisoned needles
 r - 3 javelins (quivered)
Armour
 b - a +0 leather armour (worn)
Jewellery
 n - an uncursed ring of protection from cold
 q - a ring of protection from fire (right hand)
 u - a ring of resist corrosion (left hand)
Wands
 v - a wand of iceblast (9)
Scrolls
 a - a scroll of noise {unknown}
 c - 3 scrolls of teleportation {unknown}
 e - 2 scrolls of amnesia {unknown}
 g - 2 scrolls of enchant weapon {unknown}
 j - a scroll of blinking {unknown}
 k - 2 scrolls of identify
 p - 2 scrolls of fear {unknown}
 w - 3 scrolls of random uselessness {unknown}
Potions
 h - a potion of magic {unknown}
 l - a potion of invisibility {unknown}
 m - 2 potions of flight {unknown}
 o - 5 potions of curing {unknown}
 s - a potion of berserk rage
 t - 2 potions of heal wounds
 x - a potion of might
Comestibles
 d - 8 rations
 f - 3 chunks of flesh


   Skills:
 - Level 2.1 Fighting
 + Level 5.7 Polearms
 - Level 0.6 Armour
 - Level 2.6 Dodging
 - Level 2.0 Spellcasting
 * Level 6.4 Charms


You had one spell level left.
You knew the following spells:

 Your Spells              Type           Power        Failure   Level  Hunger
a - Infusion              Chrm           ###.         2%          1    ##.....
b - Song of Slaying       Chrm           ###.....     3%          2    ###....
c - Shroud of Golubria    Chrm/Tloc      #.........   13%         2    ###....
d - Spectral Weapon       Hex/Chrm       #.......     26%         3    ####...

Your spell library contained the following spells:

 Spells                   Type           Power        Failure   Level  Hunger
 Regeneration             Chrm/Necr      #.........   26%         3    ####...


Dungeon Overview and Level Annotations

Branches:
Dungeon (5/15)
 Temple: D:4-7

Altars:
Elyvilon
Okawaru
Xom
Yredelemnul

Shops:
D:4 ?


Message History

You are no longer magically infusing your attacks.
You feel sick. The orc wizard completely misses you.
You closely miss the orc wizard.
The orc wizard is almost dead.
You feel sick.
The orc wizard hits you with a +0 dagger.
* * * LOW HITPOINT WARNING * * *
You closely miss the orc wizard.
The orc wizard is almost dead.
You feel sick. The orc wizard closely misses you.
You hit the orc wizard.
The orc wizard is almost dead.
You feel sick.
The orc wizard hits you but does no damage.
You hit the orc wizard but do no damage.
The orc wizard is almost dead.
You feel sick.
The orc wizard gestures at you while chanting.
The magic dart hits you!
You die...

#.......#############.#
####..............# #..
#.(...............# ##.
#....####.........# #.
#....# #.........# ##
#....# #.####....# #
#....####.# #....# #
#.......#)# #....# #
#....(..#@# ###### #
#.......#o# ### #
#.......#.## #<# ##
#####......# #.#### #.
#...#..####....# #.
#.........#....# ##.
#...##..#.#....# #..
#[........#.#### ##.#
#....#....#.# ###..#


You could see an orc wizard.

Vanquished Creatures
  A crimson imp (D:5)
  4 orc wizards
  3 adders
  An ooze (D:1)
  2 dart slugs
  4 leopard geckos
  3 orcs (D:4)
  5 giant cockroaches
  6 goblins
  14 hobgoblins
  4 jackals
  8 kobolds
  4 quokkas
  A ball python (D:4)
  8 bats
  7 frilled lizards
  A leopard gecko skeleton (D:4)
  A quokka skeleton (D:4)
  8 rats
85 creatures vanquished.

Vanquished Creatures (others)
  An orc (D:5)
1 creature vanquished.

Grand Total: 86 creatures vanquished

Notes
Turn   | Place    | Note
-------+----------+-------------------------------------------
     0 | D:1      | Aphrodieselac the Merfolk Skald began the quest for the
                  | Orb.
     0 | D:1      | Reached XP level 1. HP: 16/16 MP: 3/3
   132 | D:1      | Reached XP level 2. HP: 21/22 MP: 5/5
   205 | D:1      | Reached skill level 4 in Charms
   394 | D:1      | Reached XP level 3. HP: 21/27 MP: 6/6
   970 | D:2      | Found a basalt altar of Yredelemnul.
  1204 | D:2      | Reached XP level 4. HP: 32/33 MP: 1/7
  1487 | D:3      | Found an iron altar of Okawaru.
  1491 | D:3      | Reached skill level 5 in Charms
  1501 | D:3      | Became a worshipper of Warmaster Okawaru
  1570 | D:3      | Found a white marble altar of Elyvilon.
  2219 | D:4      | Found Fuinty's Magic Scroll Boutique.
  2242 | D:4      | Bought a scroll of remove curse for 36 gold pieces
  2387 | D:4      | Found a shimmering altar of Xom.
  2408 | D:4      | Reached XP level 5. HP: 38/38 MP: 8/8
  2673 | D:4      | Noticed an ogre
  2734 | D:5      | Entered Level 5 of the Dungeon
  2750 | D:5      | Reached skill level 5 in Polearms
  2953 | D:5      | Learned a level 2 spell: Song of Slaying
  2956 | D:5      | Learned a level 2 spell: Shroud of Golubria
  2960 | D:5      | Learned a level 3 spell: Spectral Weapon
  3005 | D:4      | Reached skill level 6 in Charms
  3396 | D:4      | Reached XP level 6. HP: 29/44 MP: 5/9
  3518 | D:4      | Killed from afar by an orc wizard

Skill      XL: |  1  2  3  4  5 |
---------------+----------------+-----
Charms         | 4 5 6 |  6.4
Polearms       | 4 5 |  5.7
Fighting       | |  2.1
Armour         | |  0.6
Dodging        | |  2.6
Spellcasting   | |  2.0

Action                   |  1- 3 |  4- 6 || total
-------------------------+-------+-------++-------
Melee: Spear             |   163 |    92 ||   255
       Trident           |       |    86 ||    86
Throw: Javelin           |       |     5 ||     5
 Cast: Infusion          |     7 |     8 ||    15
  Use: Scroll            |       |     5 ||     5
 Stab: Sleeping          |     1 |       ||     1
  Eat: Chunk             |     1 |     8 ||     9
Armor: Leather armour    |    39 |    39 ||    78
Dodge: Dodged            |    77 |    89 ||   166
